 Dungeon Crawl Stone Soup version 0.29-a0-330-g52719c12eb (webtiles) character file.

Game seed: 8466300683783527210

4014 Barriton the Destroyer (level 10, -13/78 HPs)
             Began as a Purple Draconian Conjurer on May 20, 2022.
             Was an Initiate of Yredelemnul.
             Mangled by Psyche
             ... wielding a +1 dagger of distortion
              (18 damage)
             ... on level 8 of the Dungeon.
             The game lasted 00:31:15 (7968 turns).

Barriton the Destroyer (Purple Draconian Conjurer)  Turns: 7968, Time: 00:31:16

Health: -13/78     AC:  7    Str: 10    XL:     10   Next: 3%
Magic:  9/22       EV: 13    Int: 22    God:    Yredelemnul [......]
Gold:   380        SH:  0    Dex: 10    Spells: 12/25 levels left

rFire   . . .      SeeInvis .   i - staff of conjuration
rCold   . . .      Faith    .   (no shield)
rNeg    . . .      Spirit   .   (body armour unavailable)
rPois   .          Reflect  .   (helmet restricted)
rElec   .          Harm     .   j - scarf {shadows}
rCorr   .          Rampage  .   (no gloves)
Will    ++...      Clarity  +   (no boots)
Stlth   ++........              n - amulet of magic regeneration
HPRegen 0.23/turn               f - ring of willpower
MPRegen 0.58/turn               b - ring of wizardry

@: unable to read
A: breathe power, AC +7, unfitting armour, cold-blooded, clarity, inability to
read while threatened
a: Breathe Dispelling Energy, Renounce Religion, Recall Undead Harvest


You were on level 8 of the Dungeon.
You worshipped Yredelemnul.
Yredelemnul was noncommittal.
You visited 1 branch of the dungeon, and saw 8 of its levels.

You collected 420 gold pieces.
You spent 40 gold pieces at shops.

Inventory:

Missiles
 r - 2 throwing nets
Armour
 j - a scarf of shadows (worn)
 l - a +0 robe
 m - a +1 cloak
Magical Staves
 i - a staff of conjuration (weapon)
Jewellery
 b - a ring of wizardry (right hand)
 d - a +4 ring of protection
 f - a ring of willpower (left hand)
 k - a +4 ring of slaying
 n - an amulet of magic regeneration (around neck)
 o - a ring of fire
Scrolls
 h - 2 scrolls of blinking
 q - a scroll of teleportation
 t - a scroll of fear
 v - 5 scrolls of identify
 w - a scroll of magic mapping
 x - a scroll of silence {unknown}
Potions
 a - 2 potions of invisibility
 c - 2 potions of heal wounds
 e - a potion of lignification
 g - 3 potions of curing
 p - 2 potions of resistance
 s - a potion of degeneration
 u - a potion of flight {unknown}


   Skills:
 + Level 3.7 Fighting
 + Level 2.0 Staves
 + Level 4.8 Dodging
 + Level 4.3 Stealth
 - Level 0.3 Unarmed Combat
 + Level 8.0 Spellcasting
 * Level 10.7 Conjurations
 + Level 0.4 Hexes
 + Level 1.3 Transmutations


You had 12 spell levels left.
You knew the following spells:

 Your Spells              Type           Power      Damage    Failure   Level
a - Magic Dart            Conj           100%       1d8       1%          1
b - Searing Ray           Conj           100%       2d8       1%          2
c - Wereblood             Tmut           15%        N/A       2%          2
d - Iskenderun's Mystic   Conj/Tloc      48%        2d11      3%          4
e - Fulminant Prism       Conj/Hex       25%        3d14      3%          4

Your spell library contained the following spells:

 Spells                   Type           Power      Damage    Failure   Level
 Dazzling Flash           Conj/Hex       100%       N/A       1%          3
 Sublimation of Blood     Necr           8%         N/A       4%          2
 Ozocubu's Armour         Ice            8%         N/A       9%          3
 Metabolic Englaciation   Hex/Ice        4%         N/A       56%         5
 Simulacrum               Ice/Necr       4%         N/A       98%         6
 Ozocubu's Refrigeration  Ice            4%         4d5       100%        7
 Summon Hydra             Summ           4%         N/A       100%        7


Dungeon Overview and Level Annotations

Branches:
Dungeon (8/15)             Temple (0/1) D:6
   Lair: D:8-11

Altars:
Elyvilon
Hepliaklqana
Wu Jian
Xom
Yredelemnul

Shops:
D:2 [   D:4 ?   D:6 *   D:7 (

Annotations:
D:8 Psyche


Innate Abilities, Weirdness & Mutations

You can breathe bolts of dispelling energy.
Your rich purple scales are hard. (AC +7)
You cannot fit into any form of body armour.
You are cold-blooded and may be slowed by cold attacks.
You possess an exceptional clarity of mind.
You sometimes lose the ability to read scrolls when taking damage.


Message History

(Press . to maintain the ray.)
Something hits you but does no damage. x2
Unknown command.
You feel much better. Something hits you but does no damage.
Something hits you. Space warps horribly around you!
* * * LOW HITPOINT WARNING * * *
You hear some strange, mumbled words.
A puff of flame appears from out of thin air!
The puff of flame hits you.
* * * LOW HITPOINT WARNING * * *
The kobold throws a poisoned dart.
The poisoned dart closely misses you.
A kobold comes into view. It is wielding a +0 dagger.
You closely miss something. Something hits you.
* * * LOW HITPOINT WARNING * * *
You blink.
The orc priest invokes the aid of Beogh against you.
Something writhes in agony.
Something hits you.
* * * LOW HITPOINT WARNING * * *
You blink.
You hear some strange, mumbled words.
A swirling arc of seething chaos appears!
An arc of chaos appears from out of thin air!
The arc of chaos hits the orc priest.
Something completely misses you.
The orc priest casts a cantrip, but nothing happens.
Something hits you but does no damage.
The orc priest hits you with a +0 dagger.
* * * LOW HITPOINT WARNING * * *
The orc priest attacks as you move away!
The orc priest closely misses you.
You hear some strange, mumbled words.
Something hits you but does no damage.
The orc priest hits you with a +0 war axe.
* * * LOW HITPOINT WARNING * * *
There is a stone staircase leading up here.
Something hits you.
* * * LOW HITPOINT WARNING * * *
Space warps horribly around you!!
You die...
Your body rises from the dead as a mindless zombie.

. .... ..... ....#
########....###
#..............
#...............
#.@oK............
#.o{##...........
#.K.##.K.........
#....)...........
#....#...........
#.....#...........
#.....#...........
##...##...........
######.....$.....


You could see 2 orc priests and 2 kobolds.

Vanquished Creatures
  Amaemon (D:8)
  Pikel (D:4)
  An orange demon (D:8)
  Maggie (D:7)
  The ghost of ma3 the Sneak, a novice KoEn (D:5)
  A steam dragon (D:7)
  A water moccasin (D:6)
  3 ice beasts
  2 orc warriors
  A black bear (D:3)
  An ogre (D:7)
  4 lemures (D:4)
  2 kobold brigands
  2 necrophages
  A bullfrog (D:6)
  3 scorpions
  A spectral ice beast (D:7)
  A bullfrog zombie (D:6)
  2 hounds
  Natasha (D:3)
  Terence (D:3)
  3 iguanas
  5 orc wizards
  5 gnolls
  5 adders
  A shadow imp (D:7)
  2 white imps
  2 worms
  4 dart slugs
  14 orcs
  6 ball pythons
  6 endoplasms
  7 giant cockroaches
  11 goblins
  6 hobgoblins
  4 jackals (D:1)
  4 quokkas
  10 bats
  2 frilled lizards (D:1)
  17 kobolds
  2 orc zombies (D:6)
  5 rats
  A fulminant prism (D:8)
154 creatures vanquished.

Vanquished Creatures (collateral kills)
  A phantom (D:6)
  A necrophage (D:5)
  A scorpion (D:5)
  A jelly (D:5)
  Jessica (D:3)
  2 adders (D:5)
  A shadow imp (D:5)
  2 orcs
10 creatures vanquished.

Vanquished Creatures (others)
  A human zombie (D:7)
  A hound zombie (D:5)
  2 adder zombies
  A spectral shadow imp (D:5)
  A ball python zombie (D:3)
  A dart slug zombie (D:3)
  A giant cockroach zombie (D:3)
  A gnoll zombie (D:5)
  2 kobold zombies (D:7)
  2 orc zombies
  A rat zombie (D:3)
  3 fulminant prisms
  6 fungi (D:1)
  7 plants (D:6)
  4 toadstools (D:1)
34 creatures vanquished.

Grand Total: 198 creatures vanquished

Notes
Turn   | Place    | Note
-------+----------+-------------------------------------------
     0 | D:1      | Barriton the Draconian Conjurer began the quest for the
                  | Orb.
     0 | D:1      | Reached XP level 1. HP: 14/14 MP: 3/3
   247 | D:1      | Reached XP level 2. HP: 16/20 MP: 1/5
   308 | D:1      | Learned a level 2 spell: Searing Ray
   862 | D:1      | Reached XP level 3. HP: 26/26 MP: 1/6
  1475 | D:2      | Found Voycw's Antique Armour Emporium.
  1479 | D:2      | Reached skill level 5 in Conjurations
  1891 | D:2      | Reached XP level 4. HP: 33/33 MP: 2/7
  1930 | D:2      | Learned a level 2 spell: Wereblood
  2655 | D:2      | Found a faded altar of an unknown god.
  2661 | D:2      | Prayed at the altar of an unknown god.
  2661 | D:2      | Became a worshipper of Yredelemnul the Dark
  3006 | D:3      | Reached XP level 5. HP: 33/38 MP: 0/9
  3100 | D:3      | Noticed Terence
  3194 | D:3      | Killed Terence
  3402 | D:3      | Noticed a black bear
  3407 | D:3      | Killed a black bear
  3408 | D:3      | Reached skill level 6 in Conjurations
  3408 | D:3      | Reached XP level 6. HP: 45/45 MP: 3/11
  3536 | D:3      | Noticed Jessica
  3539 | D:3      | Killed Jessica
  3684 | D:3      | Reached * piety under Yredelemnul
  3729 | D:3      | Noticed Natasha
  3733 | D:3      | Killed Natasha
  3990 | D:3      | Found a hazy altar of Hepliaklqana.
  4171 | D:4      | Noticed Pikel
  4171 | D:4      | Found Vuokaus's Magic Scroll Shoppe.
  4197 | D:4      | Killed Pikel
  4198 | D:4      | Reached skill level 1 in Fighting
  4198 | D:4      | Reached skill level 1 in Staves
  4198 | D:4      | Reached skill level 7 in Conjurations
  4198 | D:4      | Your scales start taking on a rich purple colour.
  4198 | D:4      | Reached skill level 5 in Spellcasting
  4198 | D:4      | Reached XP level 7. HP: 6/52 MP: 7/14
  4203 | D:4      | Learned a level 4 spell: Iskenderun's Mystic Blast
  4477 | D:4      | Bought a scroll of identify for 20 gold pieces
  4477 | D:4      | Bought a scroll of identify for 20 gold pieces
  4655 | D:4      | You fall into a shaft and drop 1 floor!
  4655 | D:5      | Entered Level 5 of the Dungeon
  4831 | D:5      | Found a large runed translucent door.
  4831 | D:5      | Found a large runed translucent door.
  4836 | D:5      | Noticed ma3's ghost (novice KoEn)
  5019 | D:5      | Reached XP level 8. HP: 46/61 MP: 12/16
  5310 | D:5      | Reached skill level 8 in Conjurations
  5526 | D:5      | Found an ornate altar of the Wu Jian Council.
  5530 | D:5      | Found a shimmering altar of Xom.
  5533 | D:5      | Found a white marble altar of Elyvilon.
  5537 | D:5      | Found a basalt altar of Yredelemnul.
  5642 | D:5      | Killed ma3's ghost
  5731 | D:6      | Gained mutation: You sometimes lose the ability to read
                  | scrolls when taking damage. [potion of mutation]
  5731 | D:6      | Gained mutation: You possess an exceptional clarity of
                  | mind. [potion of mutation]
  5748 | D:6      | Reached skill level 1 in Transmutations
  6130 | D:6      | Reached skill level 9 in Conjurations
  6135 | D:6      | Reached XP level 9. HP: 5/68 MP: 8/18
  6482 | D:6      | Found a staircase to the Ecumenical Temple.
  6554 | D:6      | Found Zisk's General Store.
  6628 | D:6      | Reached ** piety under Yredelemnul
  6698 | D:7      | Noticed Maggie
  6709 | D:7      | Killed Maggie
  6809 | D:7      | Found Gany's Weapon Shop.
  6937 | D:7      | Your ally Maggie died
  7076 | D:7      | Reached skill level 10 in Conjurations
  7162 | D:7      | Learned a level 4 spell: Fulminant Prism
  7932 | D:8      | Noticed Amaemon
  7932 | D:8      | Noticed an orange demon
  7938 | D:8      | Killed an orange demon
  7939 | D:8      | Noticed Psyche
  7953 | D:8      | Killed Amaemon
  7954 | D:8      | Reached XP level 10. HP: 67/78 MP: 10/21
  7968 | D:8      | Mangled by Psyche

Illustrated notes

Levels and vault maps discovered:
D:1:      minmay_arrival_stair_chambers, layout_basic, minmay_gold_behind_fungi,
          chequers_decorated_corner
D:2:      minmay_skewed_foursquare, layout_basic, serial_shops, shop,
          shapermc_ecumenical_altar_mp_vishouse
D:3:      layout_loops_ring, nzn_hepliaklqana_mist_gate, uniq_natasha,
          uniq_jessica, uniq_terence
D:4:      layout_rooms, serial_shops, shop, minmay_misc_feat_room, uniq_pikel
D:5:      layout_gridville, minitemple, ebering_ghost_disaster_area
D:6:      layout_rooms, minmay_temple_entry_gardened_gates, serial_shops,
          nicolae_shop_statue_plus
D:7:      layout_loops_corners, serial_shops, shop_statue, grunt_tough_drop,
          uniq_maggie
D:8:      layout_gridville, lemuel_blue_sif_altar, kennysheep_generic_room_6,
          uniq_amaemon, uniq_psyche

Skill      XL: |  1  2  3  4  5  6  7  8  9 10 |
---------------+-------------------------------+-----
Conjurations   | 5 6 7 9 10 | 10.7
Stealth        | 2 3 4 |  4.3
Dodging        | 2 3 4 |  4.8
Spellcasting   | 3 5 6 7 8 |  8.0
Fighting       | 1 2 3 |  3.7
Staves         | 1 2 |  2.0
Transmutations | 1 |  1.3
Unarmed Combat | |  0.3
Hexes          | |  0.4

Action                   |  1- 3 |  4- 6 |  7- 9 | 10-12 || total
-------------------------+-------+-------+-------+-------++-------
Melee: Unarmed           |    25 |    22 |       |       ||    47
       Tailslap          |     4 |     4 |     3 |       ||    11
       Staff             |       |    26 |    32 |     1 ||    59
 Cast: Magic Dart        |    75 |    49 |   105 |       ||   229
       Searing Ray       |     4 |    14 |    44 |     4 ||    66
       Wereblood         |       |     2 |     4 |       ||     6
       Fulminant Prism   |       |       |     4 |       ||     4
  Use: Scroll            |     7 |     5 |     6 |       ||    18
       Potion            |       |     1 |     1 |     1 ||     3
Armor: Skin              |    22 |    53 |    25 |     7 ||   107
Dodge: Dodged            |    20 |    62 |    66 |     3 ||   151

Table legend: (Time is in decaauts)
 A = Elapsed time spent in this place.
 B = Non-inter-level travel time spent in this place.
 C = Inter-level travel time spent in this place.
 D = Time resting spent in this place.
 E = Time spent auto-exploring this place.
 F = Levels seen in this place.
 G = Mean time per level.
                   A        B        C        D        E       F      G
               +--------+--------+--------+--------+--------+-----+--------+
         Total |   7977 |   7893 |     84 |    112 |   6461 |   8 |  997.1 |
       Dungeon |   7977 |   7893 |     84 |    112 |   6461 |   8 |  997.1 |
               +--------+--------+--------+--------+--------+-----+--------+

Top non-repeatable levels by time:
     D:3: 1477 daAuts
     D:1: 1389 daAuts
     D:2: 1306 daAuts
     D:7: 1226 daAuts
     D:5: 1044 daAuts
     D:6: 1001 daAuts
     D:4: 484 daAuts
     D:8: 45 daAuts
